 Dungeon Crawl Stone Soup version 0.27.0-1-g7a089689b8 (webtiles) character file.

Game seed: 14534110007532996181

32 EnegeticOcto the Shield-Bearer (level 3, 23/34 HPs)
             Began as a Deep Dwarf Fighter on Aug 2, 2021.
             Was a Follower of Jiyva.
             Quit the game on level 1 of the Dungeon.
             The game lasted 00:00:22 (406 turns).

EnegeticOcto the Shield-Bearer (Deep Dwarf Fighter)  Turns: 406, Time: 00:00:22

Health: 23/34      AC:  6    Str: 20    XL:     3   Next: 8%
Magic:  3/3        EV:  7    Int:  8    God:    Jiyva [*.....]
Gold:   41         SH:  9    Dex: 12    Spells: 2/2 levels left

rFire    . . .     SeeInvis .   a - +0 war axe
rCold    . . .     Faith    .   c - +0 kite shield
rNeg     . . .     Spirit   .   b - +0 scale mail
rPois    .         Reflect  .   (no helmet)
rElec    .         Harm     .   (no cloak)
rCorr    .         Rampage  .   (no gloves)
Will     .....                  (no boots)
Stlth    ..........             (no amulet)
HPRegen  0.00/turn              (no ring)
MPRegen  0.08/turn              (no ring)

@: no status effects
A: damage resistance, heal wounds, sense surroundings 1, no regeneration
a: Heal Wounds, Renounce Religion, Request Jelly


You were on level 1 of the Dungeon.
You worshipped Jiyva.
Jiyva was aware of your devotion.
You visited 1 branch of the dungeon, and saw 1 of its levels.

You collected 41 gold pieces.

Inventory:

Hand Weapons
 a - a +0 war axe (weapon)
Armour
 b - a +0 scale mail (worn)
 c - a +0 kite shield (worn)
Scrolls
 f - a scroll of amnesia {unknown}
 g - a scroll of enchant weapon {unknown}
 i - a scroll of acquirement {unknown}
Potions
 d - a potion of might {@q3}
 e - 3 potions of curing {unknown}
 h - a potion of magic {unknown}


   Skills:
 + Level 3.0 Fighting
 * Level 3.0 Axes
 + Level 3.6 Armour
 + Level 3.6 Shields


You had 2 spell levels left.
You didn't know any spells.
Your spell library was empty.

Dungeon Overview and Level Annotations

Branches:
Dungeon (1/15)

Altars:
Jiyva


Innate Abilities, Weirdness & Mutations

You are resistant to damage.
You can heal yourself by infusing magical energy.
You passively map a small area around you.
You do not regenerate.


Message History

No target in view!
No target in view!
No target in view!
No target in view!
You now have 38 gold pieces (gained 18).
i - a scroll labelled BYIKOTT YREO You now have 41 gold pieces (gained 3).
A ball python comes into view.
A ball python is nearby!
A ball python is nearby!
You closely miss the ball python. You block the ball python's attack.
The ball python grabs you. The ball python constricts you.
You block the ball python's attack. The ball python constricts you.
A ball python is nearby!
You barely miss the ball python.
The ball python bites you but does no damage.
The ball python constricts you. The ball python bites you.
The ball python constricts you.
You hit the ball python.
The ball python is moderately wounded.
The ball python bites you but does no damage.
The ball python constricts you.
The ball python bites you but does no damage.
The ball python constricts you.
You slash the ball python!
You kill the ball python!
You have reached level 3!
Your experience leads to an increase in your attributes!
Increase (s)trength, (i)ntelligence, or (d)exterity?
You feel stronger.
Found a spear.
A frilled lizard comes into view.
The frilled lizard hisses angrily.
A frilled lizard is nearby!
A frilled lizard is nearby!
You hit the frilled lizard.
You kill the frilled lizard!
No target in view!
No target in view!
No target in view!
No target in view!
No target in view!
No target in view!
No target in view!
No target in view!
A bat comes into view.
A bat is nearby!
A bat is nearby!
A bat is nearby!
A bat is nearby!
The bat barely misses you.
You barely miss the bat. You block the bat's attack.
You slash the bat!
You kill the bat!
Your Fighting skill increases to level 3!
No target in view!
No target in view!
No target in view!
No target in view!
No target in view!
You see here a bat corpse.
A frilled lizard comes into view.
A frilled lizard is nearby!
A frilled lizard is nearby!
A frilled lizard is nearby!
You closely miss the frilled lizard.
The frilled lizard bites you but does no damage.
You closely miss the frilled lizard.
You block the frilled lizard's attack. x2
You miss the frilled lizard. The frilled lizard bites you.
You miss the frilled lizard.
You block the frilled lizard's attack. x2
You slash the frilled lizard!
You kill the frilled lizard!
No target in view!
No target in view!
Found a faded altar of an unknown god.
There is a faded altar of an unknown god here.
A frilled lizard comes into view.
The frilled lizard hisses angrily.
A frilled lizard is nearby!
A frilled lizard is nearby!
The frilled lizard closely misses you.
You barely miss the frilled lizard. The frilled lizard bites you.
You miss the frilled lizard.
You block the frilled lizard's attack. x2
You slash the frilled lizard!
You kill the frilled lizard!
No target in view!
No target in view!
No target in view!
No target in view!
No target in view!
No target in view!
Press: ? - help, . - travel You can't see that place. [a faded altar of an unknown god.]
There is a faded altar of an unknown god here.
You cannot tell which god this altar belongs to.
Convert to them anyway?
Jiyva accepts your prayer! Jiyva welcomes you! Jiyva grants you a jelly!
You can now request a jelly.
Are you sure you want to abandon this character and quit the game? (Confirm with "yes".)

#.#####.##.##########.....∩##...
#..................##...÷.∩###..
#######.##########.##.....∩# ###
#####.†...#.##...##.....##
#...#.........##.##......#####
#.#.#.....#.#.##.##.....#....÷
#.#...###.#.#.##.##.....#∩∩.##
#.#.#.###..J..##†#∩.......∩.##
#.#)#...###..@.#.##...........
#.###†#####..###.##...........
#.##.............#∩...........
#.........####...##.....÷.....
#.##.#....# #...#∩∩###.∩##...
#....#....# ####### ######..
######....# #.. #.^..# ###
######


You could see a neutral jelly (wandering) (fellow slime).

Vanquished Creatures
  A dart slug (D:1)
  A ball python (D:1)
  An endoplasm (D:1)
  2 giant cockroaches (D:1)
  2 hobgoblins (D:1)
  8 jackals (D:1)
  A quokka (D:1)
  3 bats (D:1)
  4 frilled lizards (D:1)
  2 goblins (D:1)
  2 kobolds (D:1)
27 creatures vanquished.

Notes
Turn   | Place    | Note
-------+----------+-------------------------------------------
     0 | D:1      | EnegeticOcto the Deep Dwarf Fighter began the quest for the
                  | Orb.
     0 | D:1      | Reached XP level 1. HP: 20/20 MP: 1/1
    65 | D:1      | Reached XP level 2. HP: 24/27 MP: 2/2
   351 | D:1      | Reached XP level 3. HP: 22/33 MP: 3/3
   382 | D:1      | Found a faded altar of an unknown god.
   405 | D:1      | Became a worshipper of Jiyva Jeny the Shapeless
   405 | D:1      | Reached * piety under Jiyva
   406 | D:1      | Quit the game

Illustrated notes

Levels and vault maps discovered:
D:1:      amcnicky_arrival_abandoned_market, layout_basic,
          basic_ecumenical_altar, nrook_mini_vaults, minmay_misc_feat_doors

Skill      XL: |  1  2  3 |
---------------+----------+-----
Axes           | 3 |  3.0
Fighting       | 3 |  3.0
Armour         | |  3.6
Shields        | |  3.6

Action                   || total
-------------------------++-------
Melee: War axe           ||    70
Armor: Scale mail        ||    47
Dodge: Dodged            ||    35
Block: Kite shield       ||    63
